 Dungeon Crawl Stone Soup version 0.27-a0-720-g3f424a255b (webtiles) character file.

Game seed: 15346575622778990636

37 PentaManta the Cudgeller (level 3, -1/23 HPs)
             Began as a Gargoyle Monk on Mar 23, 2021.
             Slain by an adder (3 damage)
             ... on level 2 of the Dungeon.
             The game lasted 00:01:22 (1446 turns).

PentaManta the Cudgeller (Gargoyle Monk)            Turns: 1446, Time: 00:01:23

Health: -1/23      AC:  5    Str: 15    XL:     3   Next: 39%
Magic:  3/3        EV: 12    Int: 10    God:
Gold:   34         SH:  0    Dex: 12    Spells: 2/2 levels left

rFire    . . .     SeeInvis .   d - +0 dagger
rCold    . . .     Faith    .   (no shield)
rNeg     + . .     Spirit   .   b - +0 robe
rPois    ∞         Reflect  .   (no helmet)
rElec    +         Harm     .   (no cloak)
rCorr    .         Rampage  .   (no gloves)
Will     .....                  (no boots)
Stlth    ++........             (no amulet)
HPRegen  0.07/turn              (no ring)
MPRegen  0.08/turn              (no ring)

@: no status effects
A: AC +3, negative energy resistance 1, electricity resistance, torment
resistance 1, unbreathing 1, petrification resistance
a: no special abilities


You were on level 2 of the Dungeon.
You visited 1 branch of the dungeon, and saw 2 of its levels.

You collected 34 gold pieces.

Inventory:

Hand Weapons
 a - a +0 mace
 d - a +0 dagger (weapon)
Armour
 b - a +0 robe (worn)
Scrolls
 c - a scroll of amnesia {unknown}
Potions
 e - 2 potions of cancellation {unknown}


   Skills:
 - Level 3.2 Fighting
 + Level 4.3 Maces & Flails
 - Level 2.4 Dodging
 - Level 2.1 Stealth


You had 2 spell levels left.
You didn't know any spells.
Your spell library was empty.

Dungeon Overview and Level Annotations

Branches:
Dungeon (2/15)

Altars:


Innate Abilities, Weirdness & Mutations

Your stone body is resilient. (AC +3)
You are immune to poison.
You resist negative energy. (rN+)
You are resistant to electric shocks. (rElec)
You are resistant to unholy torment.
You can survive without breathing.
You are immune to petrification.


Message History

Done exploring.
Search for what [? for help]? .
There is a stone staircase leading down here.
You climb downwards.
An adder and an ooze come into view.
Found a scroll labelled WIUNUCR FAZAM and a twisted cabochon ring.
Found a stone staircase leading down.
There is a stone staircase leading up here.
The ooze quivers.
The ooze freezes you.
You are frozen.
d - a +0 dagger (weapon)
You hit the ooze but do no damage.
The adder hisses angrily.
The ooze freezes you.
You are frozen.
You hit the ooze.
The ooze is moderately wounded.
The ooze freezes you.
You are frozen.
You hit the ooze.
You kill the ooze!
You hit the adder.
The adder is lightly wounded.
The adder barely misses you.
You miss the adder.
The adder is lightly wounded.
The adder bites you but does no damage. The adder bites you.
* * * LOW HITPOINT WARNING * * *
You hit the adder but do no damage.
The adder is lightly wounded.
The adder barely misses you.
You hit the adder.
The adder is heavily wounded.
The adder bites you.
* * * LOW HITPOINT WARNING * * *
You barely miss the adder.
The adder is heavily wounded.
The adder bites you.
You die...

### ..#
#.######
#.##...
###.##.###
#>?.S@<..#
#=#.##.###
.. #.##.#
## ######


You could see an adder.

Vanquished Creatures
  A dart slug (D:1)
  3 ball pythons (D:1)
  A giant cockroach (D:1)
  3 goblins (D:1)
  4 hobgoblins (D:1)
  2 kobolds (D:1)
  6 oozes
  A quokka (D:1)
  6 bats (D:1)
  2 rats (D:1)
29 creatures vanquished.

Notes
Turn   | Place    | Note
-------+----------+-------------------------------------------
     0 | D:1      | PentaManta the Gargoyle Monk began the quest for the Orb.
     0 | D:1      | Reached XP level 1. HP: 14/14 MP: 1/1
   339 | D:1      | Reached XP level 2. HP: 19/19 MP: 2/2
   554 | D:1      | Reached skill level 4 in Maces & Flails
   767 | D:1      | Reached XP level 3. HP: 23/23 MP: 3/3
  1446 | D:2      | Slain by an adder

Illustrated notes

Levels and vault maps discovered:
D:1:      giann_forest_graveyard, layout_basic
D:2:      mumra_celtic_spiral_tile, layout_loops_ring, serial_shops, shop

Skill      XL: |  1  2 |
---------------+-------+-----
Maces & Flails | 4 |  4.3
Fighting       | |  3.2
Dodging        | |  2.4
Stealth        | |  2.1

Action                   || total
-------------------------++-------
Melee: Mace              ||    79
       Dagger            ||     8
 Stab: Sleeping          ||     2
Armor: Robe              ||    34
Dodge: Dodged            ||    68

Table legend: (Time is in decaauts)
 A = Elapsed time spent in this place.
 B = Non-inter-level travel time spent in this place.
 C = Inter-level travel time spent in this place.
 D = Time resting spent in this place.
 E = Time spent auto-exploring this place.
 F = Levels seen in this place.
 G = Mean time per level.
                   A        B        C        D        E       F      G
               +--------+--------+--------+--------+--------+-----+--------+
         Total |   1461 |   1442 |     19 |    162 |   1065 |   2 |  730.5 |
       Dungeon |   1461 |   1442 |     19 |    162 |   1065 |   2 |  730.5 |
               +--------+--------+--------+--------+--------+-----+--------+

Top non-repeatable levels by time:
     D:1: 1448 daAuts
     D:2: 13 daAuts
